 Dungeon Crawl Stone Soup version 0.31-a0-851-g7ff8af7976 (webtiles) character file.

Game seed: 1767143839559557342

286 BinkBink the Trooper (level 6, -2/56 HPs)
             Began as a Minotaur Fighter on Oct 7, 2023.
             Was a Follower of Qazlal.
             Slain by an Executioner (3 damage)
             ... on level 2 of the Abyss.
             The game lasted 00:03:45 (3055 turns).

BinkBink the Trooper (Minotaur Fighter)             Turns: 3055, Time: 00:03:45

Health: -2/56      AC:  7    Str: 23    XL:     6   Next: 8%
Magic:  5/5        EV:  9    Int:  5    God:    Qazlal [*.....]
Gold:   207        SH:  6    Dex:  9    Spells: 5/5 levels left

rFire   . . .        a - +0 long sword
rCold   . . .        c - +0 buckler
rNeg    . . .        b - +0 scale mail
rPois   .            (helmet restricted)
rElec   .            (no cloak)
rCorr   .            (no gloves)
SInv    .            (no boots)
Will    .....        i - amulet of the acrobat Stlth
                     (no ring)
HPRegen 0.29/turn    (no ring)
MPRegen 0.09/turn

%: acrobat
@: no status effects
A: horns 2, retaliatory headbutt
a: Renounce Religion


You were on level 2 of the Abyss.
You worshipped Qazlal.
Qazlal was aware of your devotion.
You visited 1 branch of the dungeon, and saw 4 of its levels.
You visited the Abyss 1 time.

You collected 207 gold pieces.

Inventory:

Hand Weapons
 a - a +0 long sword (weapon)
Armour
 b - a +0 scale mail (worn)
 c - a +0 buckler (worn)
Jewellery
 i - an amulet of the acrobat (around neck)
Scrolls
 e - 3 scrolls of vulnerability {unknown}
 g - a scroll of torment {unknown}
 l - a scroll of fear {unknown}
 m - a scroll of noise {unknown}
 n - a scroll of identify {unknown}
 p - 4 scrolls of teleportation {unknown}
Potions
 d - 2 potions of might
 f - a potion of brilliance
 o - a potion of enlightenment {unknown}


   Skills:
 + Level 5.2 Fighting
 + Level 4.3 Long Blades
 + Level 5.1 Armour
 + Level 5.1 Shields


You had 5 spell levels left.
You didn't know any spells.
Your spell library contained the following spells:

 Spells                   Type           Power      Damage    Failure   Level
 Poisonous Vapours        Pois/Air       0%         N/A       93%         2
 Mephitic Cloud           Conj/Pois/Air  0%         N/A       99%         3
 Freezing Cloud           Conj/Ice/Air   0%         6-21      100%        5


Dungeon Overview and Level Annotations

Branches:
Dungeon (4/15)             Temple (0/1) D:4

Altars:
Elyvilon
Hepliaklqana
Kikubaaqudgha
Qazlal

Shops:
D:4 (

Annotations:
D:4 Edmund


Innate Abilities, Weirdness & Mutations

You have a pair of horns on your head.
You reflexively headbutt those who attack you in melee.


Message History

You are cast into the Abyss!
This branch contains the abyssal rune of Zot.
Found a gateway leading deeper into the Abyss.
Found a gateway leading deeper into the Abyss.
A neqoxec comes into view.
A large abomination comes into view.
Found a corrupted altar of Lugonu.
An iron imp comes into view.
An Executioner comes into view.
A raiju comes into view.
The raiju barks!
You hear a bark!
A raiju comes into view.
The iron imp grins evilly.
The raiju bursts into living lightning!
The living lightning hits the raiju.
The raiju completely resists.
The living lightning misses you.
The raiju blinks!
The raiju bursts into living lightning!
The living lightning misses you.
The raiju blinks! x2
The raiju closely misses you.
The iron imp lashes its tail.
The raiju bursts into living lightning!
The living lightning hits you!
The raiju blinks!
The raiju misses you. The raiju closely misses you.
The raiju attacks as it pursues you! The raiju misses you.
The raiju closely misses you.
A raiju comes into view.
The raiju barks!
The Executioner gives a hideous shriek!
The Executioner gestures.
The Executioner seems to speed up.
You block the raiju's attack. You block the Executioner's attack.
The Executioner misses you. You block the Executioner's attack.
The Executioner hits you!
* * * LOW HITPOINT WARNING * * *
The Executioner hits you but does no damage.
The Executioner completely misses you.
You barely miss the Executioner. You block the Executioner's attack.
The Executioner hits you!
* * * LOW HITPOINT WARNING * * *
The Executioner hits you.
You die...

. .. ## .#.
####.##....#.
.#.§..#.... . .
....#.#..#.# §.#
. ........
#..#.#1#... # #
#..#@#.###.. .#.
#.○h#...#. ..#
##....# .. ..
#..#.h.....# ..#
.##.#..##.## #.
.#
#....#h##..#1.#..
#.# #X.##..##..#
... ##.. #..##..#
..##..# ..
...........
.....# .


You could see an Executioner (fast), a large abomination and 3 raiju.

Vanquished Creatures
  A jelly (D:4)
  An orc priest (D:3)
  A sleepcap (D:4)
  2 iguanas (D:4)
  2 orc wizards
  2 adders (D:2)
  A worm (D:2)
  4 dart slugs
  6 orcs
  4 bats
  10 endoplasms
  2 giant cockroaches
  6 goblins
  4 hobgoblins
  2 quokkas
  5 ball pythons
  4 frilled lizards
  6 kobolds
  6 rats
69 creatures vanquished.

Notes
Turn   | Place    | Note
-------+----------+-------------------------------------------
     0 | D:1      | BinkBink the Minotaur Fighter began the quest for the Orb.
     0 | D:1      | Reached XP level 1. HP: 19/19 MP: 0/0
   298 | D:1      | Reached XP level 2. HP: 27/27 MP: 1/1
   767 | D:2      | You fall into a shaft and drop 2 floors!
   777 | D:4      | Found a stormy altar of Qazlal.
   785 | D:4      | Became a worshipper of Qazlal Stormbringer
  1085 | D:3      | Reached XP level 3. HP: 32/33 MP: 2/2
  1124 | D:3      | Reached XP level 4. HP: 30/40 MP: 3/3
  1380 | D:2      | Found a hazy altar of Hepliaklqana.
  1416 | D:2      | Reached * piety under Qazlal
  2245 | D:4      | Noticed a +0 triple sword
  2245 | D:4      | Found Boxoosk's Weapon Shop.
  2432 | D:3      | Reached XP level 5. HP: 32/47 MP: 4/4
  2547 | D:4      | Noticed a +0 triple sword
  2831 | D:4      | Found an ancient bone altar of Kikubaaqudgha.
  2831 | D:4      | Found a white marble altar of Elyvilon.
  2892 | D:4      | Reached skill level 5 in Fighting
  2892 | D:4      | Reached skill level 5 in Armour
  2892 | D:4      | Reached skill level 5 in Shields
  2953 | D:4      | Reached XP level 6. HP: 56/56 MP: 5/5
  2981 | D:4      | Noticed Edmund
  2983 | D:4      | Found a staircase to the Ecumenical Temple.
  2988 | Abyss:2  | Cast into level 2 of the Abyss (Edmund)
  3024 | Abyss:2  | Noticed a neqoxec
  3029 | Abyss:2  | Noticed a large abomination
  3031 | Abyss:2  | Found a corrupted altar of Lugonu.
  3039 | Abyss:2  | Noticed an Executioner
  3040 | Abyss:2  | Noticed a raiju
  3040 | Abyss:2  | Noticed a raiju
  3049 | Abyss:2  | Noticed a raiju
  3055 | Abyss:2  | HP: 1/56 [Executioner (7)]
  3055 | Abyss:2  | Slain by an Executioner

Illustrated notes

Levels and vault maps discovered:
D:1:      psy_arrival_basics, layout_loops_ring
D:2:      cheibrodos_old_hovel, layout_rooms, basic_altar, chequers_avenue
D:3:      layout_basic, item_on_display_a
D:4:      layout_layer_cave, lemuel_tele_altar, nicolae_overflow_two_pavilions,
          serial_shops, nicolae_shop_mannequins, uniq_edmund
Abyss:2:  base:
D:1

Skill      XL: |  1  2  3  4  5 |
---------------+----------------+-----
Armour         | 4 5 |  5.1
Shields        | 4 5 |  5.1
Fighting       | 4 5 |  5.2
Long Blades    | 3 4 |  4.3

Action                     |  1- 3 |  4- 6 || total
---------------------------+-------+-------++-------
  Melee: Long sword        |    60 |    98 ||   158
         Headbutt          |     9 |    18 ||    27
    Use: Potion            |       |     4 ||     4
 Armour: Scale mail        |    29 |    99 ||   128
  Dodge: Dodged            |    25 |    61 ||    86
  Block: Buckler           |     8 |    31 ||    39

Table legend: (Time is in decaauts)
 A = Elapsed time spent in this place.
 B = Non-inter-level travel time spent in this place.
 C = Inter-level travel time spent in this place.
 D = Time resting spent in this place.
 E = Time spent auto-exploring this place.
 F = Levels seen in this place.
 G = Mean time per level.
                   A        B        C        D        E       F      G
               +--------+--------+--------+--------+--------+-----+--------+
         Total |   3079 |   2969 |    110 |      0 |   2438 |   5 |  615.8 |
       Dungeon |   3012 |   2902 |    110 |      0 |   2438 |   4 |  753.0 |
         Abyss |     66 |     66 |      0 |      0 |      0 |   1 |   66.0 |
               +--------+--------+--------+--------+--------+-----+--------+

Top non-repeatable levels by time:
     D:3: 923 daAuts
     D:1: 751 daAuts
     D:4: 676 daAuts
     D:2: 661 daAuts
 Abyss:2: 66 daAuts
